 Dungeon Crawl Stone Soup version 0.28.0-55-gcd9437bce4 (webtiles) character file.

Game seed: 207221207456756571

70 AarnesTheHuman the Sneak (level 4, 18/19 HPs)
             Began as a Felid Transmuter on Dec 24, 2022.
             Got out of the dungeon alive.
             The game lasted 00:07:35 (2317 turns).

AarnesTheHuman the Sneak (Felid Transmuter)         Turns: 2317, Time: 00:07:36

Health: 18/19      AC:  1    Str:  6    XL:     4   Next: 4%
Magic:  9/9        EV: 17    Int: 16    God:
Gold:   23         SH:  5    Dex: 16    Spells: 6/9 levels left
                                        Lives:  1   Deaths: 0

rFire   . . .      SeeInvis +     - Unarmed
rCold   . . .      Faith    .   (shield unavailable)
rNeg    . . .      Spirit   .   (armour unavailable)
rPois   .          Reflect  +   (helmet unavailable)
rElec   .          Harm     .   (cloak unavailable)
rCorr   .          Rampage  .   (gloves unavailable)
Will    .....                   (boots unavailable)
Stlth   ++........              d - amulet of reflection
HPRegen 0.06/turn               (no ring)
MPRegen 0.11/turn               (no ring)

@: quick
A: very small, claws 1, fangs 3, see invisible, speed 1, shaggy fur 1, stealthy
paws, no weapons or thrown items, no armour, multi-lived
a: no special abilities


You escaped.
You visited 1 branch of the dungeon, and saw 2 of its levels.

You collected 23 gold pieces.

Inventory:

Jewellery
 d - an amulet of reflection (around neck)
 e - an amulet of guardian spirit
Scrolls
 a - 2 scrolls of noise {unknown}
 b - 5 scrolls of identify {unknown}
 g - a scroll of fear {unknown}
Potions
 c - a potion of curing {unknown}
 f - a potion of haste {unknown}
 h - a potion of mutation {unknown}


   Skills:
 - Level 1.0 Fighting
 - Level 2.6 Dodging
 + Level 3.2 Stealth
 - Level 3.0 Unarmed Combat
 - Level 3.0 Spellcasting
 - Level 3.0 Transmutations


You had 6 spell levels left.
You knew the following spells:

 Your Spells              Type           Power      Damage    Failure   Level
a - Beastly Appendage     Tmut           24%        N/A       5%          1
b - Wereblood             Tmut           12%        N/A       9%          2

Your spell library contained the following spells:

 Spells                   Type           Power      Damage    Failure   Level
 Animate Skeleton         Necr           4%         N/A       19%         1
 Apportation              Tloc           4%         N/A       19%         1
 Magic Dart               Conj           8%         1d3       19%         1
 Summon Small Mammal      Summ           8%         N/A       19%         1
 Searing Ray              Conj           4%         2d4       28%         2
 Spider Form              Tmut/Pois      7%         N/A       30%         3
 Ice Form                 Ice/Tmut       7%         N/A       69%         4
 Fulminant Prism          Conj/Hex       1%         3d6       88%         4


Dungeon Overview and Level Annotations

Branches:
Dungeon (2/15)

Altars:


Innate Abilities, Weirdness & Mutations

You have sharp claws.
You have razor-sharp teeth.
You have supernaturally acute eyesight. (SInv)
You cover ground quickly. (Speed+)
You are covered in fur. (AC +1)
Your paws help you pounce on unaware monsters.
You are incapable of wielding weapons or throwing items.
You cannot wear armour.
You gain extra lives every three experience levels.


Message History

You turn into a bat.
Jessica enters a dispersal trap!
You blink.
Jessica blinks!
Your transformation is almost over.
You start waiting.
You feel less batty.
You start waiting.
Done waiting.
Casting: Beastly Appendage (safe; 6% risk of failure)
Confirm with . or Enter, or press ? or * to list all spells.
You grow a pair of large bovine horns.
Jessica shouts!
Jessica zaps a wand.
You resist with some effort.
Jessica gestures wildly while chanting.
Jessica blinks!
Jessica hits you with a +0 dagger.
You scratch Jessica. You headbutt Jessica, but do no damage.
Jessica is severely wounded.
Jessica misses you.
You scratch Jessica.
You kill Jessica!
Training target 3.0 for Stealth reached!
Training target 3.0 for Spellcasting reached!
Your Stealth skill increases to level 3!
Your Spellcasting skill increases to level 3!
You need to enable at least one skill for training.
You have reached level 4!
Extra life!
Your transformation is almost over.
Your horns disappear.
Magic restored.
Things that are here:
a +0 club; a ball python skeleton
There is a stone staircase leading up here.
You climb upwards.
There is a stone staircase leading down here.
You see here a +0 club.
There is an open door here.
There is a staircase leading out of the dungeon here.
Are you sure you want to leave the Dungeon?
This will make you lose the game!
You have escaped!

#.......# #.......
#.......# #.......
#.......# #.##....
#.......# #.##...#
#(......# #.....##
#......[# ####^###
#.......# #.# # #.##.####
#.# # #.##.#@# #######.#
#####.##.#.# #.......#
#.....##.#.######.#######
#.######.#.#>.......# ##
#.# ###.######.#.# #. #.#
#..## #.#.# #. #.#
###...## #.#.# #. #.#
#.'....###.#.# #. #.#
#.#..#..##.#.# #.


There were no monsters in sight!

Vanquished Creatures
  Jessica (D:2)
  2 worms (D:2)
  A dart slug (D:1)
  4 endoplasms
  3 giant cockroaches
  3 goblins
  4 hobgoblins (D:1)
  4 kobolds
  A quokka (D:1)
  6 ball pythons
  3 bats
  2 frilled lizards (D:1)
  2 rats (D:2)
36 creatures vanquished.

Notes
Turn   | Place    | Note
-------+----------+-------------------------------------------
     0 | D:1      | AarnesTheHuman the Felid Transmuter began the quest for the
                  | Orb.
     0 | D:1      | Reached XP level 1. HP: 9/9 MP: 4/4
   559 | D:1      | Found a faded altar of an unknown god.
   640 | D:1      | Reached skill level 1 in Stealth
   775 | D:1      | Reached XP level 2. HP: 11/12 MP: 4/6
   876 | D:1      | Learned a level 2 spell: Wereblood
  1447 | D:2      | Reached XP level 3. HP: 9/15 MP: 3/7
  2024 | D:2      | Noticed Jessica
  2213 | D:2      | Killed Jessica
  2214 | D:2      | Reached XP level 4. HP: 13/19 MP: 6/9
  2317 | D:$      | Got out of the dungeon alive.

Illustrated notes

Levels and vault maps discovered:
D:1:      amcnicky_arrival_feature_with_door, layout_loops_ring,
          hellmonk_ecumenical_altar_zigzags
D:2:      layout_basic, uniq_jessica

Skill      XL: |  1  2  3 |
---------------+----------+-----
Stealth        | 1 2 3 |  3.2
Transmutations | 3 |  3.0
Spellcasting   | 3 |  3.0
Fighting       | |  1.0
Dodging        | |  2.6
Unarmed Combat | |  3.0

Action                   |  1- 3 |  4- 6 || total
-------------------------+-------+-------++-------
Melee: Unarmed           |   100 |       ||   100
       Bite              |    11 |       ||    11
       Headbutt          |    14 |       ||    14
       Punch             |     5 |       ||     5
 Cast: Beastly Appendage |    22 |       ||    22
       Wereblood         |     1 |       ||     1
 Stab: Sleeping          |     6 |       ||     6
Armor: Skin              |     6 |       ||     6
Dodge: Dodged            |    58 |       ||    58
Block: Other             |     2 |       ||     2
